Map: Thunderbird LE

Players

Mez

  • Race: Terran Terran
  • League: Master
  • Spawn Location: 5:00

IlIlIlIlIlIl - Winner!

  • Race: Zerg Zerg
  • League: Master
  • Spawn Location: 11:00

VOD

Have the link to the VOD?

Description

Time

  • Played on: Aug. 7, 2019, 1:37 p.m.
  • Length: 14:12
Show
View Real Time Build Order
Export as new Build Order

Mez Terran 

Build Orders: Reaper Expand 

Get SALT Encoding   

  12  0:01  SCV  
  13  0:16  Supply Depot  
  13  0:17  SCV  
  14  0:30  SCV  
  15  0:40  Barracks  
  15  0:43  Refinery  
  15  0:48  SCV  
  16  1:00  SCV  
  17  1:12  SCV  
  18  1:27  Reaper, Orbital Command  
  19  1:42  Command Center  
  19  1:54  SCV  
  20  1:59  Barracks Reactor  
  20  2:04  Supply Depot  
  20  2:06  SCV  
  21  2:22  SCV  
  22  2:26  Command Center  
  22  2:38  SCV  
  22  2:39  Barracks  
  23  2:47  Marine x2  
  25  2:52  SCV  
  25  2:58  Orbital Command  
  26  3:05  Reaper  
  26  3:07  SCV, Marine  
  29  3:19  SCV  
  30  3:24  SCV  
  30  3:25  Marine  
  32  3:28  Bunker  
  32  3:35  SCV  
  32  3:36  SCV  
  32  3:37  Marine, Barracks Tech Lab  
  32  3:39  Orbital Command  
  32  3:40  Refinery  
  34  3:43  Marine  
  34  3:44  Refinery  
  35  3:53  SCV  
  36  4:00  SCV  
  36  4:01  Engineering Bay, Marine x3  
  40  4:05  SCV  
  40  4:06  Stimpack  
  40  4:09  SCV  
  42  4:12  SCV  
  43  4:19  Marine  
  43  4:20  Factory  
  43  4:21  SCV x2  
  43  4:23  Marine  
  46  4:30  Bunker, Terran Infantry Weapons Level 1  
  46  4:31  Supply Depot  
  46  4:32  SCV  
  46  4:37  Marine  
  46  4:38  Marine  
  49  4:40  SCV  
  49  4:44  SCV  
  51  4:50  Marine  
  51  4:51  Barracks  
  51  4:52  SCV, Barracks  
  53  4:53  Barracks  
  53  4:55  Orbital Command  
  53  5:01  SCV  
  53  5:03  Supply Depot  
  53  5:04  Supply Depot  
  55  5:07  SCV  
  55  5:12  Armory  
  55  5:13  SCV  
  56  5:19  Engineering Bay  
  56  5:20  SCV x2  
  58  5:24  Marine x2  
  58  5:25  SCV  
  61  5:31  Supply Depot  
  61  5:33  Refinery  
  61  5:37  SCV  
  61  5:38  Starport, Factory Reactor  
  62  5:46  SCV x2  
  64  5:50  Barracks Reactor x3  
  64  5:52  SCV  
  64  5:56  Terran Infantry Armor Level 1  
  65  5:58  SCV x2  
  67  6:04  SCV  
  67  6:08  Barracks  
  67  6:09  Barracks  
  67  6:10  SCV x2, Barracks  
  70  6:16  SCV  
  71  6:22  SCV x2, Marine  
  71  6:23  Marine x2  
  76  6:27  Supply Depot  
  76  6:28  SCV  
  76  6:29  Medivac x2, Supply Depot  
  76  6:31  Marine x6  
  87  6:34  Terran Infantry Weapons Level 2  
  87  6:36  SCV  
  87  6:39  SCV  
  89  6:40  Marine  
  89  6:41  SCV, Marine  
  89  6:42  Missile Turret  
  92  6:48  SCV  
  92  6:53  Barracks  
  93  6:56  Barracks  
  93  6:57  Supply Depot x2  
  93  6:59  Barracks Reactor x3  
  93  7:01  Marine x5  
  98  7:11  Combat Shield  
  98  7:12  Marine  
  98  7:13  Marine x3  
  102  7:19  Marine x4, Supply Depot  
  102  7:20  Supply Depot x2  
  106  7:24  Marine  
  106  7:29  Marine, Medivac  
  109  7:30  Marine, Medivac  
  109  7:31  Marine x2  
  115  7:37  Marine x9  
  115  7:38  Marine  
  115  7:42  Supply Depot  
  109  7:47  SCV x2  
  109  7:48  SCV  
  112  7:54  Marine  
  112  7:55  Marine x4  
  117  7:59  SCV  
  110  8:12  Marine x8  
  116  8:13  Marauder  
  116  8:15  SCV  
  116  8:16  SCV  
  122  8:26  Supply Depot  
  122  8:28  Marine x2, Supply Depot  
  122  8:29  Marine x2  
  122  8:31  Marine  
  127  8:35  SCV x3  
  130  8:43  Marine  
  130  8:44  Marine x6  
  130  8:47  Marine  
  130  8:48  Marine  
  139  8:49  SCV  
  139  8:51  SCV  
  139  8:52  SCV  
  142  8:58  Marine, Marauder  
  142  8:59  Barracks Tech Lab  
  144  9:09  Marine  
  144  9:10  Marine x9  
  144  9:16  Terran Infantry Armor Level 2  
  153  9:20  Marauder  
  153  9:21  Engineering Bay  
  155  9:25  Supply Depot  
  155  9:26  Supply Depot  
  155  9:28  Supply Depot  
  154  9:33  Medivac x2  
  154  9:34  Marine x2, Marauder  
  162  9:41  Marauder  
  164  9:48  Marine x7  
  171  9:53  Supply Depot  
  171  9:56  Marauder  
  173  10:02  Marauder  
  173  10:03  Medivac x2  
  177  10:26  Marine  
  174  10:30  Marine x2  
  174  10:31  Marine x9  
  170  10:41  Marine x2, Marauder  
  145  10:49  Marine x5, Marauder  
  137  10:54  Marine  
  137  10:55  Marine x5  
  140  10:57  Factory Reactor  
  140  10:58  Terran Infantry Weapons Level 3  
  140  10:59  Terran Vehicle And Ship Armor Level 1  
  140  11:03  Marauder  
  140  11:08  Marine x6  
  140  11:11  Marauder  
  146  11:17  Marine x2  
  146  11:18  Marine x2  
  133  11:21  Marine x2  
  133  11:24  Marauder  
  104  11:32  Marauder  
  88  11:33  Marine  
  78  11:41  Marine x7  
  78  11:45  Marauder  
  86  11:47  SCV  
  86  11:48  SCV  
  86  11:51  Marine  
  86  11:52  Marine  
  90  11:58  Marine x4  
  94  12:10  Marine x7  
  100  12:21  Marine x6  
  91  12:43  Marine x6  
  96  12:51  SCV x2  
  96  12:58  Marine x4  
  102  13:05  Marine x3  
  92  13:22  Marine  
  92  13:23  Marine x5  
Show
View Real Time Build Order
Export as new Build Order

IlIlIlIlIlIl Zerg - Winner!

Build Orders: Hatch First 

Get SALT Encoding   

  12  0:00  Drone  
  13  0:13  Overlord  
  13  0:21  Drone  
  14  0:34  Drone x2  
  16  0:36  Drone  
  17  0:55  Hatchery  
  16  0:59  Drone x2  
  18  1:13  Extractor  
  18  1:14  Spawning Pool  
  18  1:18  Drone  
  17  1:22  Drone  
  18  1:30  Drone  
  19  1:40  Overlord  
  19  1:51  Drone  
  20  2:00  Queen  
  22  2:01  Zergling x2  
  22  2:07  Queen  
  25  2:08  Zergling x2  
  26  2:22  Metabolic Boost  
  26  2:27  Hatchery  
  25  2:34  Drone x2  
  26  2:37  Drone x2  
  28  2:51  Queen  
  28  2:52  Drone  
  28  2:53  Drone  
  32  3:01  Overlord  
  32  3:03  Drone x2  
  34  3:09  Drone x2  
  36  3:19  Drone x4  
  39  3:38  Drone x2  
  39  3:39  Drone, Queen  
  39  3:40  Drone  
  45  3:53  Drone  
  46  3:58  Queen  
  48  4:04  Overlord  
  48  4:05  Overlord x2  
  48  4:06  Overlord  
  48  4:11  Drone  
  49  4:22  Queen x2  
  53  4:28  Drone x5  
  53  4:29  Drone x7  
  53  4:30  Drone  
  66  4:36  Queen  
  68  4:44  Zergling x6  
  71  4:50  Overlord  
  71  4:58  Queen  
  73  5:00  Overlord  
  73  5:01  Overlord  
  73  5:07  Baneling Nest  
  73  5:08  Lair  
  72  5:16  Drone x3  
  72  5:17  Drone x3  
  78  5:22  Drone x3  
  78  5:23  Evolution Chamber, Drone x3  
  78  5:24  Evolution Chamber  
  78  5:25  Extractor  
  78  5:26  Extractor  
  80  5:29  Hatchery  
  79  5:36  Drone x4  
  79  5:38  Extractor  
  79  5:39  Drone  
  79  5:40  Drone x3  
  79  5:42  Extractor  
  85  5:44  Extractor  
  84  5:51  Zergling x10  
  84  5:52  Zergling x8  
  93  5:59  Zergling x4  
  93  6:00  Zergling x2  
  96  6:06  Centrifical Hooks  
  96  6:07  Zerg Melee Weapons Level 1  
  96  6:09  Drone x2  
  96  6:11  Overlord x3  
  98  6:23  Zerg Ground Armor Level 1  
  98  6:28  Overlord x4  
  98  6:34  Zergling x2  
  98  6:36  Baneling  
  98  6:37  Baneling x7  
  99  6:41  Drone  
  99  6:42  Drone x2  
  99  6:43  Drone x4  
  106  6:48  Zergling x2  
  106  6:49  Zergling x12  
  106  6:51  Zergling x2  
  106  6:52  Zergling x4  
  116  6:57  Drone, Zergling x2  
  116  6:58  Zergling x4  
  120  7:01  Infestation Pit, Hydralisk Den  
  120  7:02  Drone x2  
  120  7:03  Overlord x2  
  120  7:08  Overlord  
  120  7:15  Zergling x6  
  123  7:18  Overseer  
  123  7:20  Baneling x6  
  123  7:25  Zergling x6  
  123  7:27  Overlord x3  
  126  7:33  Zergling x4  
  126  7:34  Zergling x12  
  126  7:36  Baneling x4  
  126  7:37  Baneling x2  
  133  7:42  Extractor  
  128  7:46  Hydralisk, Baneling x9, Extractor  
  128  7:47  Hydralisk, Baneling x9  
  128  7:48  Zergling x10  
  136  7:52  Drone x2  
  134  8:11  Drone x3  
  134  8:12  Drone x3  
  140  8:15  Zerg Melee Weapons Level 2  
  140  8:18  Hive  
  140  8:19  Drone x2  
  142  8:24  Overlord  
  141  8:35  Zergling x2  
  141  8:36  Zergling x30  
  141  8:40  Baneling x11  
  141  8:41  Baneling x10  
  156  8:44  Baneling x7  
  156  8:46  Baneling x2  
  156  8:53  Drone  
  156  9:16  Zerg Ground Armor Level 2  
  143  9:28  Grooved Spines, Hydralisk x3  
  146  9:41  Zergling x4  
  146  9:42  Zergling x38, Hatchery  
  165  9:59  Drone  
  166  10:01  Drone x3  
  166  10:02  Overlord x3  
  166  10:04  Hatchery  
  168  10:14  Drone x10  
  178  10:25  Zergling x14, Spore Crawler  
  182  10:30  Baneling  
  182  10:31  Baneling x8  
  179  10:39  Muscular Augments  
  179  10:40  Zergling x2  
  179  10:41  Zergling x20  
  177  10:45  Spine Crawler  
  177  10:47  Zergling x2  
  177  10:48  Zergling x2  
  177  10:49  Baneling  
  170  10:50  Baneling x15  
  170  10:54  Hydralisk x4  
  170  10:55  Zergling x2  
  178  11:08  Zergling x24  
  189  11:18  Zergling x2  
  177  11:19  Zergling x8  
  177  11:21  Zergling x6  
  172  11:28  Baneling  
  172  11:29  Baneling x4  
  166  11:35  Zergling x2  
  166  11:36  Zergling x20  
  167  11:44  Spire  
  167  11:46  Adrenal Glands  
  162  11:47  Zergling x2  
  162  11:48  Zergling x8, Ultralisk Cavern  
  163  12:09  Baneling  
  163  12:10  Baneling x10, Extractor x2  
  160  12:20  Hatchery  
  144  12:41  Baneling x7  
  144  12:42  Baneling x10  
  140  12:44  Chitinous Plating  
  140  12:48  Zergling x2  
  140  12:49  Zergling x40, Extractor  
  140  12:50  Zergling x8, Extractor  
  132  13:27  Zergling x2, Hydralisk x11  
  132  13:28  Hydralisk x6  
  161  13:44  Overlord x5  
Tags
 
Add a new tag
Caveats
  • Supply blocks, unpowered buildings, or Contaminate may cause inaccurate times.
  • Supply counts are checked every 10 seconds.